Description

You can build adept first instead of stalker if you have no problem controlling it.

If you see marine or reactor first, you can chrono nexus instead of stalker, also you can decide to use chrono on first oracle or to use it on nexus, first option allows to scout faster and generally safer option.

Replay - New Repugnancy LE (16)

Build Order

Get SALT Encoding   

  12  0:01  Probe  
  13  0:13  Probe  
  14  0:18  Pylon  
  14  0:24  Probe  
  15  0:32  Probe  
  15  0:38  Gateway  
  15  0:40  Probe  
  16  0:48  Assimilator  
  17  0:52  Probe  
  18  1:00  Probe  
  18  1:08  Probe  
  20  1:25  Nexus  
  20  1:35  Cybernetics Core  
  20  1:41  Assimilator  
  20  1:43  Probe  
  21  1:50  Pylon  
  21  1:55  Probe  
  22  2:02  Stalker (Chrono Boost)  
  22  2:07  Probe  
  25  2:19  Probe  
  25  2:21  Stargate  
  26  2:29  Warp Gate  
  26  2:31  Probe x2  
  26  2:34  Adept  
  29  2:43  Probe x2  
  32  2:53  Probe x2  
  34  3:03  Probe x2  
  34  3:04  Oracle (Chrono Boost)  
  38  3:09  Assimilator x2  
  38  3:12  Probe  
  40  3:20  Probe x2  
  40  3:22  Pylon  
  42  3:31  Probe x2  
  44  3:39  Probe x2  
  44  3:41  Oracle, Pylon  
  44  3:47  Probe  
  44  3:48  Stargate  
  50  3:56  Probe x2  
  50  3:57  Pylon  
  52  4:08  Probe x2  
  54  4:20  Oracle  
  54  4:21  Fleet Beacon  
  57  4:35  Nexus  
  57  4:42  Probe x2  
  59  4:45  Pylon  
  59  4:48  Carrier  
  59  4:52  Protoss Air Weapons Level 1  
  59  4:55  Probe x2  
  59  4:59  Carrier  
  67  5:08  Probe x2  
  75  5:17  Assimilator x2  
  75  5:24  Probe x2  
  77  5:28  Pylon  
  77  5:36  Probe  
  77  5:37  Pylon  
  77  5:39  Carrier  
  78  5:44  Stargate  
Spawning Tool Build Advisor. Get it on Overwolf

Go to:

Details

  • Created by: Inojinplay
  • Published on: Aug 02, 2019
  • Modified on: Aug 02, 2019
  • Patch: 4.7.1
Show
View Real Time Build Order
Export as new Build Order

Comments (0)

There are no comments. Be the first!

Create an account to comment!